 Dungeon Crawl Stone Soup version 0.25.0-33-gff14898491 (console) character file.

Game seed: 14172478349352074509

62400 Kagalorn the Cleaver (level 15, -6/94 HPs)
             Began as an Octopode Ice Elementalist on July 7, 2020.
             Was a High Priest of Sif Muna.
             Mangled by a yak (10 damage)
             ... while paralysed
             ... on level 12 of the Dungeon.
             The game lasted 01:32:22 (31574 turns).

Kagalorn the Cleaver (Octopode Ice Elementalist)   Turns: 31574, Time: 01:32:22

Health: -6/94      AC:  1    Str:  7    XL:     15   Next: 6%
Magic:  23/24      EV:  2    Int: 24    God:    Sif Muna [*****.]
Gold:   1216       SH:  0    Dex: 19    Spells: 16/26 levels left

rFire    . . .     SeeInvis .   a - +9 war axe {vorpal, *Rage +Inv rN+}
rCold    . . .     Gourm    .   y - +2 kite shield
rNeg     + + .     Faith    .   (helmet restricted)
rPois    .         Spirit   .   B - amulet of reflection
rElec    .         Reflect  +   j - ring of flight
rCorr    .         Harm     .   F - +6 ring of dexterity
MR       +....     Rnd*Rage +   M - ring of positive energy
Stlth    ++++++....             T - ring of wizardry
HPRegen  0.25/turn              (no ring)
MPRegen  0.19/turn              (no ring)
                                (no ring)
                                (no ring)

@: paralysed, berserk cooldown, slowed
A: almost no armour, stealthy swim, amphibious, 8 rings, constrict 8, camouflage
1, gelatinous body 1
a: Channel Magic, Forget Spell, Divine Exegesis, Renounce Religion, Evoke
Invisibility, Evoke Flight


You were on level 12 of the Dungeon.
You worshipped Sif Muna.
Sif Muna was extremely pleased with you.
You were not hungry.

You visited 3 branches of the dungeon, and saw 19 of its levels.
You also visited: Sewer and Ice Cave.

You collected 1216 gold pieces.

Inventory:

Hand Weapons
 a - the +9 war axe of Infinity (weapon) {vorpal, *Rage +Inv rN+}
   (You found it on level 6 of the Dungeon)

   It inflicts extra damage upon your enemies.
   It protects you from negative energy.
   It lets you turn invisible.
   It may make you go berserk in combat.
 b - a +2 scimitar of flaming
 P - the +10 hand axe "Quler" {vorpal, Str+3, unknown}
   (You found it on level 11 of the Dungeon)

   It inflicts extra damage upon your enemies.
   It affects your strength (+3).
Missiles
 e - 75 poisoned darts (quivered)
 g - 494 stones
 m - 150 sling bullets
 q - 21 boomerangs
 r - 116 bolts
 x - 316 arrows
 Q - 5 curare-tipped darts
 V - 6 atropa-tipped darts
Armour
 l - a +0 tower shield of cold resistance
 y - a +2 kite shield (worn)
Jewellery
 j - a ring of flight (left tentacle)
 o - an uncursed ring of fire
 B - an amulet of reflection (around mantle)
 F - a +6 ring of dexterity (right tentacle)
 M - a ring of positive energy (on tentacle)
 T - a ring of wizardry (on tentacle)
 W - a +4 ring of evasion {unknown}
Wands
 D - a wand of flame (17)
 H - a wand of polymorph (14)
 K - a wand of digging (7)
 N - a wand of paralysis (10)
 R - a wand of clouds (10)
Scrolls
 c - a scroll of holy word
 d - 7 scrolls of remove curse
 h - 7 scrolls of teleportation
 n - 2 scrolls of enchant weapon
 v - 3 scrolls of amnesia
 w - 3 scrolls of blinking
 C - a scroll of summoning
 J - 2 scrolls of fear
 L - 3 scrolls of fog
 S - a scroll of vulnerability
Potions
 f - 3 potions of haste
 i - a potion of resistance
 k - 2 potions of curing
 p - 2 potions of brilliance
 t - 6 potions of flight
 u - a potion of stabbing
 z - 2 potions of mutation
 A - a potion of cancellation
 E - a potion of magic
 G - a potion of might
 I - 6 potions of heal wounds
 U - a potion of lignification
 X - a potion of ambrosia
Comestibles
 s - 31 rations
 O - 2 chunks of flesh


   Skills:
 - Level 6.0 Fighting
 + Level 11.2 Axes
 + Level 4.5 Dodging
 - Level 10.0 Stealth
 + Level 10.7 Shields
 - Level 6.0 Spellcasting
 - Level 10.0 Transmutations
 - Level 8.0 Ice Magic
 - Level 10.0 Earth Magic
 - Level 10.0 Invocations


You had 16 spell levels left.
You knew the following spells:

 Your Spells              Type           Power        Failure   Level  Hunger
a - Freeze                Ice            ####         1%          1    None
b - Frozen Ramparts       Ice            #####.       1%          3    #......
c - Statue Form           Tmut/Erth      ######...    14%         6    ######.

Your spell library contained the following spells:

 Spells                   Type           Power        Failure   Level  Hunger
 Sandblast                Erth           ######       1%          1    None
 Sting                    Tmut/Pois      ####         1%          1    None
 Ensorcelled Hibernation  Hex/Ice        ####..       1%          2    None
 Passwall                 Tmut/Erth      ######..     1%          2    None
 Sticks to Snakes         Tmut           ######..     1%          2    None
 Petrify                  Tmut/Erth      ######..     1%          4    ###....
 Spider Form              Tmut/Pois      ####......   2%          3    #......
 Stone Arrow              Conj/Erth      ####..       2%          3    #......
 Blade Hands              Tmut           ######....   2%          5    #####..
 Lee's Rapid Deconstruct  Erth           ######....   2%          5    #####..
 Ozocubu's Armour         Chrm/Ice       ####....     3%          3    #......
 Ignite Poison            Fire/Tmut/Pois ###.....     4%          3    #......
 Corona                   Hex            #......      6%          1    None
 Magic Dart               Conj           #...         6%          1    None
 Blink                    Tloc           N/A          9%          2    None
 Poisonous Vapours        Pois/Air       #.....       9%          2    None
 Searing Ray              Conj           #.....       9%          2    None
 Hailstorm                Conj/Ice       ####....     11%         4    ###....
 Summon Ice Beast         Ice/Summ       ####....     11%         4    ###....
 Hydra Form               Tmut           ######....   14%         6    ######.
 Confusing Touch          Hex            #.......     16%         3    #......
 Dazzling Flash           Conj/Hex       #.....       16%         3    #......
 Mephitic Cloud           Conj/Pois/Air  #.......     16%         3    #......
 Tukima's Dance           Hex            #.......     16%         3    #......
 Irradiate                Conj/Tmut      ####......   19%         5    #####..
 Fulminant Prism          Conj/Hex       #.........   45%         4    ###....
 Iskenderun's Mystic Bla  Conj/Tloc      #.......     45%         4    ###....
 Olgreb's Toxic Radiance  Pois           #.......     45%         4    ###....
 Passage of Golubria      Tloc           N/A          45%         4    ###....
 Dragon Form              Tmut           ######....   56%         7    #######
 Freezing Cloud           Conj/Ice/Air   ###.......   94%         6    ######.
 Malign Gateway           Summ/Tloc      #.........   100%        7    #######


Dungeon Overview and Level Annotations

Branches:
Dungeon (12/15)            Temple (1/1) D:5            Lair (6/6) D:10
 Shoals (0/4) Lair:4        Snake (0/4) Lair:3        Slime (0/5) Lair:5
  Sewer (visited)           IceCv (visited)
    Orc: D:9-12

Altars:
Ashenzari
Cheibriados
Dithmenos
Elyvilon
Fedhas
Gozag
Hepliaklqana
Kikubaaqudgha
Makhleb
Nemelex Xobeh
Okawaru
Qazlal
Ru
Sif Muna
Trog
Uskayaw
Vehumet
Wu Jian
Xom
Yredelemnul
Zin
The Shining One
Jiyva

Shops:
D:10 :   D:12 (

Annotations:
D:9 Erolcha
Lair:1 exclusion: door
Lair:2 2 runed translucent doors, Ciovowug's ghost, journeyman DrTm; Fannar
Lair:4 exclusion: oklob plant


Innate Abilities, Weirdness & Mutations

You cannot wear most types of armour.
You are very stealthy in the water. (Stealth+)
You are amphibious.
You can wear up to eight rings at the same time.
You can use your tentacles to constrict eight enemies at once.
Your skin changes colour to match your surroundings (Stealth+).
Your rubbery body absorbs attacks. (AC +1, EV +1)


Message History

You slash the orc!
You kill the orc!
Sif Muna accepts your kill.
Sif Muna will now gift you books as you gain piety.
You barely miss the yak.
The yak is moderately wounded.
You closely miss the yak.
You are no longer berserk.
You pass out from exhaustion.
You feel yourself slow down. The yak gores you. The yak gores you!
The yak gores you! x2
* * * LOW HITPOINT WARNING * * *
The yak gores you but does no damage. The yak gores you!
* * * LOW HITPOINT WARNING * * *
The yak gores you.
* * * LOW HITPOINT WARNING * * *
The yak gores you.
* * * LOW HITPOINT WARNING * * *
The yak barely misses you. The yak gores you!
You die...

#........ #.....Y.. #
...... #. .†Y.
.#..###)#####+#####
......#...........#
#..C†...........#
#(#.#....)YY)...# #
#[#####@##### ........# #.#
#####
.#.>#.#######.#####≈≈≈#####
.. #.#......)....≈≈≈≈≈...#
# #.#####.####≈≈∩...#.#
#.........≈≈≈≈≈.#.#
#.###†##...≈≈≈#.#.#
#.#<..........#
#.....^.#.#[#.#


You could see 2 yaks.

Vanquished Creatures
  A frost giant (IceCv)
  5 hydras
  Erica (D:9)
  A death knight (D:11)
  A two-headed ogre (D:8)
  Sonja (Lair:1)
  An unseen horror (D:10)
  An oklob plant (Lair:1)
  A cyclops (D:12)
  9 black mambas
  2 ice statues (IceCv)
  Joseph (D:9)
  A gargoyle (D:10)
  4 elephants
  16 spiny frogs
  3 rime drakes
  A centaur skeleton (D:10)
  A kobold demonologist (D:11)
  6 komodo dragons
  A yaktaur (shapeshifter) (D:9)
  4 trolls
  A queen bee (D:11)
  4 hornets (Lair:6)
  20 polar bears
  29 blink frogs
  9 hippogriffs
  13 dream sheep
  13 spriggans
  2 wyverns
  55 yaks
  4 basilisks
  A hungry ghost (D:9)
  2 nagas (Lair:3)
  An acid dragon (D:12)
  12 water moccasins
  10 porcupines
  2 ice beasts
  4 black bears
  3 orc warriors
  The ghost of sinusoid the Ruffian, an amateur TrEE (D:4)
  3 sky beasts
  45 wolves
  4 boggarts
  8 centaurs
  4 ogres
  2 necrophages
  11 crocodiles
  6 big kobolds
  Blork the orc (D:6)
  18 bullfrogs
  A gnoll sergeant (D:8)
  4 scorpions
  20 killer bees
  5 wights (D:6)
  A howler monkey (D:9)
  4 crimson imps
  9 hounds
  A quasit (D:6)
  2 bullfrog zombies
  5 orc priests
  A gnoll shaman (D:7)
  6 jellies
  A bullfrog skeleton (D:8)
  10 orc wizards
  5 worker ants
  A hound skeleton (D:9)
  A howler monkey skeleton (D:11)
  21 adders
  9 gnolls
  4 river rats
  2 shadow imps
  5 oozes
  An adder skeleton (D:4)
  An adder zombie (D:8)
  12 worms
  4 dart slugs
  12 leopard geckos
  42 orcs
  4 ball pythons (Sewer)
  7 bats
  6 giant cockroaches
  2 gnoll zombies (D:6)
  11 goblins
  5 hobgoblins
  8 jackals
  23 kobolds
  3 quokkas
  3 frilled lizards
  A jackal skeleton (D:8)
  2 leopard gecko skeletons
  11 rats
  2 butterflies (Lair:6)
628 creatures vanquished.

Vanquished Creatures (others)
  A wolf (Lair:6)
  An orc (D:9)
  19 fungi
  16 plants
37 creatures vanquished.

Grand Total: 665 creatures vanquished

Notes
Turn   | Place    | Note
-------+----------+-------------------------------------------
     0 | D:1      | Kagalorn the Octopode Ice Elementalist began the quest for
                  | the Orb.
     0 | D:1      | Reached XP level 1. HP: 11/11 MP: 3/3
   104 | D:1      | Reached XP level 2. HP: 17/17 MP: 1/5
   416 | D:1      | Reached XP level 3. HP: 20/21 MP: 4/6
   997 | D:2      | Reached XP level 4. HP: 13/27 MP: 1/8
  1797 | D:2      | Learned a level 3 spell: Frozen Ramparts
  1992 | D:3      | Found a faded altar of an unknown god.
  2081 | D:3      | Reached XP level 5. HP: 25/31 MP: 9/9
  2152 | D:3      | Reached skill level 5 in Ice Magic
  3005 | D:3      | Found a glowing golden altar of the Shining One.
  3005 | D:3      | Found a hazy altar of Hepliaklqana.
  3006 | D:3      | Found an iron altar of Okawaru.
  3257 | D:3      | Reached XP level 6. HP: 27/36 MP: 7/11
  3418 | D:3      | Reached skill level 1 in Shields
  3993 | D:4      | Found a runed translucent door.
  3993 | D:4      | Noticed sinusoid's ghost (amateur TrEE)
  4020 | D:4      | Killed sinusoid's ghost
  4020 | D:4      | Reached skill level 5 in Stealth
  4020 | D:4      | Reached XP level 7. HP: 35/41 MP: 8/13
  4127 | D:4      | Found a sacrificial altar of Ru.
  4393 | D:4      | Found a burning altar of Makhleb.
  4395 | D:4      | Found a glowing silver altar of Zin.
  4396 | D:4      | Noticed an angel
  4396 | D:4      | Noticed a blizzard demon
  4431 | D:5      | Entered Level 5 of the Dungeon
  4526 | D:5      | Found a sparkling altar of Nemelex Xobeh.
  5263 | D:5      | Found a staircase to the Ecumenical Temple.
  5273 | Temple   | Entered the Ecumenical Temple
  5393 | Temple   | Became a worshipper of Sif Muna the Loreminder
  5468 | D:5      | Found a sparkling altar of Nemelex Xobeh.
  6024 | D:6      | Got a twisted war axe
  6050 | D:6      | Noticed Blork the orc
  6056 | D:6      | Killed Blork the orc
  6285 | D:6      | Reached skill level 5 in Spellcasting
  6296 | D:6      | Found a glowing drain.
  6300 | Sewer    | Entered a sewer
  6401 | Sewer    | Reached XP level 8. HP: 39/46 MP: 15/15
  6523 | Sewer    | Reached skill level 1 in Invocations
  6680 | Sewer    | Identified the +9 war axe of Infinity {vorpal, *Rage +Inv
                  | rN+} (You found it on level 6 of the Dungeon)
  7046 | Sewer    | Reached * piety under Sif Muna
  7778 | D:6      | Found a basalt altar of Yredelemnul.
  8251 | D:7      | Reached XP level 9. HP: 50/51 MP: 18/18
  8269 | D:7      | Found a hide-covered altar of Uskayaw.
  8720 | D:7      | Reached ** piety under Sif Muna
  9247 | D:8      | Reached skill level 5 in Shields
  9630 | D:8      | Reached skill level 5 in Invocations
  9809 | D:8      | Reached XP level 10. HP: 37/56 MP: 11/19
  9837 | D:8      | Noticed a two-headed ogre
  9858 | D:8      | Killed a two-headed ogre
  9858 | D:8      | Reached skill level 10 in Stealth
 10027 | D:8      | Reached *** piety under Sif Muna
 10268 | D:8      | Found a snail-covered altar of Cheibriados.
 10300 | D:8      | Reached skill level 1 in Fighting
 10300 | D:8      | Reached skill level 1 in Axes
 10501 | D:9      | Noticed Erolcha
 10762 | D:9      | Reached skill level 2 in Axes
 10784 | D:9      | Noticed Erica
 11008 | D:9      | Noticed a salamander
 11014 | D:9      | Killed Erica
 11014 | D:9      | Reached skill level 3 in Axes
 11015 | D:9      | a salamander changed into a yaktaur
 11337 | D:9      | Reached skill level 4 in Axes
 11460 | D:9      | Noticed Joseph
 11474 | D:9      | Killed Joseph
 11474 | D:9      | Reached XP level 11. HP: 67/67 MP: 17/20
 11958 | D:10     | Entered Level 10 of the Dungeon
 12035 | D:10     | Reached skill level 5 in Axes
 12290 | D:10     | HP: 3/68 [something (3)]
 12291 | D:10     | Killed an unseen horror
 12642 | D:10     | Learned a level 6 spell: Statue Form
 12663 | D:10     | Found a staircase to the Lair.
 12815 | D:10     | Found Qealaz's Book Shop.
 13035 | Lair:1   | Entered Level 1 of the Lair of Beasts
 13039 | Lair:1   | Noticed Sonja
 13042 | Lair:1   | Killed Sonja
 13042 | Lair:1   | Reached skill level 1 in Transmutations
 13042 | Lair:1   | Reached skill level 1 in Earth Magic
 13073 | Lair:1   | Reached **** piety under Sif Muna
 13098 | Lair:1   | You fall into a shaft and drop 1 floor!
 13388 | Lair:2   | Reached skill level 6 in Axes
 14055 | Lair:1   | Reached XP level 12. HP: 76/76 MP: 18/21
 14311 | Lair:1   | Reached skill level 5 in Fighting
 14311 | Lair:1   | Reached skill level 7 in Axes
 14488 | Lair:1   | Noticed an eight-headed hydra
 15493 | Lair:2   | Noticed Fannar
 15583 | Lair:2   | Found a large runed translucent door.
 15583 | Lair:2   | Found a large runed translucent door.
 15590 | Lair:2   | Noticed Ciovowug's ghost (journeyman DrTm)
 16125 | Lair:3   | Reached skill level 5 in Earth Magic
 16341 | Lair:2   | Reached skill level 5 in Transmutations
 17192 | Lair:3   | Reached skill level 8 in Axes
 17213 | Lair:3   | Found a staircase to the Snake Pit.
 18255 | Lair:3   | Reached ***** piety under Sif Muna
 18516 | Lair:4   | Reached XP level 13. HP: 60/83 MP: 18/22
 19116 | Lair:4   | Found a staircase to the Shoals.
 19345 | Lair:4   | Identified Sif Muna's Collected Works on Changing (Sif Muna
                  | gifted it to you on level 4 of the Lair of Beasts)
 19345 | Lair:4   | Received a gift from Sif Muna
 19345 | Lair:4   | Reached skill level 9 in Axes
 19403 | Lair:4   | Found a shadowy altar of Dithmenos.
 20467 | Lair:5   | Found a viscous altar of Jiyva.
 20467 | Lair:5   | Found a staircase to the Slime Pits.
 21979 | Lair:5   | Reached skill level 10 in Invocations
 22716 | Lair:6   | Entered Level 6 of the Lair of Beasts
 22746 | Lair:6   | Found a frozen archway.
 22755 | IceCv    | Entered an ice cave
 22764 | IceCv    | Reached skill level 10 in Axes
 23068 | IceCv    | Reached XP level 14. HP: 90/90 MP: 19/23
 23533 | IceCv    | Noticed a frost giant
 24146 | IceCv    | Killed a frost giant
 25304 | Lair:5   | Received a gift from Sif Muna
 25961 | Lair:5   | Reached skill level 10 in Shields
 30125 | D:11     | Got a dazzling hand axe
 30219 | D:11     | Reached skill level 10 in Transmutations
 30219 | D:11     | Reached skill level 10 in Earth Magic
 30329 | D:11     | Identified Sif Muna's Collected Works on the Destructive
                  | Traveller (Sif Muna gifted it to you on level 11 of the
                  | Dungeon)
 30329 | D:11     | Received a gift from Sif Muna
 30329 | D:11     | Reached skill level 11 in Axes
 31048 | D:11     | Reached XP level 15. HP: 94/94 MP: 21/24
 31391 | D:12     | Found Vouxzees's Weapon Boutique.
 31573 | D:12     | HP: 4/94 [yak (6)]
 31574 | D:12     | Mangled by a yak

Illustrated notes

Levels and vault maps discovered:
D:1:      saegor_arrival_simple_c, layout_basic
D:2:      layout_rooms, serial_curves, eino_curves_04, eino_curves_03
D:3:      layout_loops_cross, gammafunk_temple_overflow_claw,
          chequers_ecumenical_altar_simple
D:4:      layout_basic, grunt_temple_overflow_order_and_chaos_2,
          kennysheep_mini, first_ration, gammafunk_ghost_grave,
          kennysheep_crisscross, corexii_hall_statues_deadend
D:5:      layout_basic, lemuel_crystal_altar, lemuel_temple_firewalk_a,
          lemuel_tele_altar
D:6:      layout_basic, lemuel_zombie_altar_yredelemnul,
          lightli_sewer_entry_pipes, uniq_blork_the_orc
D:7:      layout_loops_cross, eat_drink_and_be_merry_uskayaw
D:8:      layout_basic, kennysheep_mini_moat, grunt_ministairs_9, nicolae_wwwww
D:9:      layout_basic, uniq_joseph, uniq_erica, uniq_erolcha
D:10:     layout_basic, lair_entry_dummy, serial_shops,
          nicolae_shop_behind_doors
D:11:     layout_loops_ring, david_nohive_1, chequers_serial_rivers_micro_c
D:12:     layout_basic, david_orc_3, serial_shops, shop, shop_statue,
          nicolae_shop_statue_plus, nicolae_shop_waterfront,
          serial_bayou_pond_a, minmay_fountain_box, uniq_gastronok
Temple:   minmay_temple_bridge_abc
Lair:1:   layout_long_grid, minmay_shattered_shrine, grunt_megastairs_1,
          serial_bayou_shore_b, infiniplex_staircase_pool,
          minmay_lair_oklob_chamber, uniq_sonja
Lair:2:   layout_chaotic_city, ebering_ghost_disaster_area, uniq_fannar
Lair:3:   beast_lair_carwin_large_3, layout_chaotic_city,
          guppyfry_snake_entry_island
Lair:4:   layout_regular_city, shoals_dummy_entry, lemuel_oklob_altar,
          grunt_megastairs_4
Lair:5:   layout_hall_layers, slime_altar_1, chequers_serial_rivers_micro_a,
          lemuel_fruit_tree
Lair:6:   minmay_lair_end_enchanted_forest, layout_cave_pods,
          portal_ice_cave_rime, lemuel_fruit_fields

Skill      XL: |  1  2  3  4  5  6  7  8  9 10 11 12 13 14 |
---------------+-------------------------------------------+-----
Stealth        | 3 4 5 6 7 9 10 | 10.0
Spellcasting   | 3 4 5 6 |  6.0
Ice Magic      | 5 6 7 8 |  8.0
Shields        | 1 2 3 5 7 8 9 10 | 10.7
Invocations    | 2 5 7 8 9 10 | 10.0
Fighting       | 3 4 6 |  6.0
Axes           | 4 6 8 10 11 | 11.2
Transmutations | 3 6 8 10 | 10.0
Earth Magic    | 3 6 8 10 | 10.0
Dodging        | 4 |  4.5

Action                   |  1- 3 |  4- 6 |  7- 9 | 10-12 | 13-15 || total
-------------------------+-------+-------+-------+-------+-------++-------
Melee: Unarmed           |    21 |       |       |       |       ||    21
       Constrict         |     7 |    24 |    48 |    42 |    71 ||   192
       Tentacles         |     4 |    15 |    26 |    49 |    86 ||   180
       Short sword       |       |    87 |   113 |       |       ||   200
       War axe           |       |       |    80 |   237 |   517 ||   834
Throw: Dart              |       |    14 |    17 |    13 |    91 ||   135
 Cast: Freeze            |    43 |    30 |     5 |     1 |       ||    79
       Frozen Ramparts   |       |     9 |    27 |    81 |   135 ||   252
       Statue Form       |       |       |       |       |     9 ||     9
 Abil: Evoke Invisibilit |       |       |       |     1 |     3 ||     4
       End Transformatio |       |       |       |       |     1 ||     1
Evoke: Wand              |       |       |       |     1 |     7 ||     8
  Use: Potion            |       |     1 |       |     2 |     3 ||     6
       Scroll            |       |       |    14 |     7 |    11 ||    32
 Stab: Sleeping          |     4 |    11 |    25 |    23 |     6 ||    69
       Distracted        |       |       |       |     2 |       ||     2
       Invisible         |       |       |       |     1 |     2 ||     3
       Paralysed         |       |       |       |     2 |     2 ||     4
  Eat: Chunk             |       |    10 |     6 |    15 |    35 ||    66
       Ration            |       |       |     4 |     5 |     4 ||    13
Armor: Skin              |     3 |    16 |     6 |     4 |    33 ||    62
Dodge: Dodged            |    39 |    83 |    43 |    65 |   178 ||   408
Block: Buckler           |       |    10 |     2 |       |       ||    12
       Kite shield       |       |       |   113 |   187 |   441 ||   741
       Reflection        |       |       |     2 |     9 |    10 ||    21
       Tower shield      |       |       |       |       |    89 ||    89
